 Dungeon Crawl Stone Soup version 0.28-a0-406-g4bac719ec2 (webtiles) character file.

Game seed: 7421713932208919988

111 Atelerd the Sneak (level 4, -4/27 HPs)
             Began as an Octopode Earth Elementalist on Sept 5, 2021.
             Slain by a scorpion (7 damage)
             ... on level 3 of the Dungeon.
             The game lasted 00:04:32 (3676 turns).

Atelerd the Sneak (Octopode Earth Elementalist)     Turns: 3676, Time: 00:04:33

Health: -4/27      AC:  1    Str:  7    XL:     4   Next: 92%
Magic:  2/8        EV: 13    Int: 18    God:
Gold:   20         SH:  0    Dex: 12    Spells: 7/8 levels left

rFire   . . .      SeeInvis .   c - +0 dagger
rCold   . . .      Faith    .   (no shield)
rNeg    . . .      Spirit   .   (helmet restricted)
rPois   .          Reflect  .   (no amulet)
rElec   .          Harm     .   (no ring)
rCorr   .          Rampage  .   (no ring)
Will    .....                   (no ring)
Stlth   +++.......              (no ring)
HPRegen 0.09/turn               (no ring)
MPRegen 0.11/turn               (no ring)
                                (no ring)
                                (no ring)

@: lethally poisoned (-4 -> -10)
A: almost no armour, amphibious, 8 rings, camouflage 1, gelatinous body 1,
(nimble swimmer 1), tentacles
a: no special abilities


You were on level 3 of the Dungeon.
You visited 1 branch of the dungeon, and saw 3 of its levels.

You collected 104 gold pieces.
You spent 84 gold pieces at shops.

Inventory:

Hand Weapons
 c - a +0 dagger (weapon)
Missiles
 b - 33 stones
Jewellery
 j - a +6 ring of intelligence
Wands
 h - a wand of mindburst (20)
Scrolls
 a - 2 scrolls of fear {unknown}
 d - a scroll of blinking {unknown}
 e - a scroll of noise {unknown}
 f - a scroll of teleportation {unknown}
 i - 2 scrolls of silence
 l - 4 scrolls of identify {unknown}
 m - a scroll of amnesia {unknown}
 n - a scroll of vulnerability {unknown}
 o - a scroll of fog {unknown}
 r - a scroll of enchant weapon {unknown}
Potions
 g - a potion of ambrosia {unknown}
 k - a potion of lignification {unknown}
 p - 3 potions of flight {unknown}
 q - a potion of berserk rage {unknown}


   Skills:
 - Level 2.0 Dodging
 + Level 4.1 Stealth
 + Level 2.8 Spellcasting
 + Level 2.2 Transmutations
 + Level 3.7 Earth Magic


You had 7 spell levels left.
You knew the following spells:

 Your Spells              Type           Power      Damage    Failure   Level
a - Sandblast             Erth           32%        2d9       3%          1

Your spell library contained the following spells:

 Spells                   Type           Power      Damage    Failure   Level
 Passwall                 Tmut/Erth      10%        N/A       8%          2
 Stone Arrow              Conj/Erth      18%        3d8       22%         3
 Corpse Rot               Necr/Air       N/A        N/A       26%         2
 Poisonous Vapours        Pois/Air       4%         N/A       26%         2
 Petrify                  Tmut/Erth      13%        N/A       43%         4
 Summon Lightning Spire   Summ/Air       2%         N/A       86%         4
 Storm Form               Tmut/Air       3%         N/A       100%        7
 Maxwell's Capacitive Co  Air            1%         ∞         100%        8


Dungeon Overview and Level Annotations

Branches:
Dungeon (3/15)

Altars:
Gozag
Wu Jian

Shops:
D:2 *

Annotations:
D:2 exclusion: downstairs


Innate Abilities, Weirdness & Mutations

You cannot wear most types of armour.
You are amphibious.
You can wear up to eight rings at the same time.
Your skin changes colour to match your surroundings (Stealth+).
Your rubbery body absorbs attacks. (AC +1, EV +1)
((You are camouflaged near water. (Stealth+)))
You have tentacles for arms and can constrict up to eight enemies at once.


Message History

Aiming: Sandblast (safe; 3% risk of failure)
Press: ? - help, Shift-Dir - straight line, f/p - scorpion
Aim: a scorpion (79% to hit)
The blast of sand hits the scorpion!
The scorpion is severely wounded.
The scorpion stings you.
Sorry, you're not good enough to have a special ability.
Casting: Sandblast (safe; 3% risk of failure)
Confirm with . or Enter, or press ? or * to list all spells.
Aiming: Sandblast (safe; 3% risk of failure)
Press: ? - help, Shift-Dir - straight line, f/p - scorpion
Aim: a scorpion (severely wounded, 79% to hit)
The blast of sand hits the scorpion but does no damage.
The scorpion is severely wounded.
The scorpion stings you!
You are lethally poisoned!
The scorpion poisons you!
You are too injured to fight recklessly!
Casting: Sandblast (safe; 3% risk of failure)
Confirm with . or Enter, or press ? or * to list all spells.
Aiming: Sandblast (safe; 3% risk of failure)
Press: ? - help, Shift-Dir - straight line, f/p - scorpion
Aim: a scorpion (severely wounded, 79% to hit)
The blast of sand hits the scorpion.
The scorpion is severely wounded.
* * * LOW HITPOINT WARNING * * *
You feel very sick. The scorpion completely misses you.
Unknown command.
Casting: Sandblast (safe; 3% risk of failure)
Confirm with . or Enter, or press ? or * to list all spells.
Aiming: Sandblast (safe; 3% risk of failure)
Press: ? - help, Shift-Dir - straight line, f/p - scorpion
Aim: a scorpion (severely wounded, 79% to hit)
The blast of sand misses the scorpion.
* * * LOW HITPOINT WARNING * * *
You feel sick. The scorpion stings you.
* * * LOW HITPOINT WARNING * * *
The scorpion stings you!
You die...

##.....#
#...#..# #.#
#####..## #.#
#....# #.#
#..##.###.#
....###..##.#
##### ##.##.#
#..#s# ##.#@#
#.#.# #...#
##..# ......
......##
.......#
#.......#
#....(..#


You could see a scorpion.

Vanquished Creatures
  2 adders (D:2)
  A worm (D:2)
  5 dart slugs
  9 ball pythons
  8 endoplasms
  4 giant cockroaches (D:2)
  6 hobgoblins
  6 jackals (D:1)
  4 kobolds
  3 quokkas
  7 bats
  7 frilled lizards
  8 goblins
  5 rats
75 creatures vanquished.

Vanquished Creatures (others)
  19 fungi (D:1)
19 creatures vanquished.

Grand Total: 94 creatures vanquished

Notes
Turn   | Place    | Note
-------+----------+-------------------------------------------
     0 | D:1      | Atelerd the Octopode Earth Elementalist began the quest for
                  | the Orb.
     0 | D:1      | Reached XP level 1. HP: 11/11 MP: 3/3
   406 | D:1      | Reached skill level 3 in Stealth
   406 | D:1      | Reached XP level 2. HP: 12/17 MP: 3/5
   992 | D:1      | Reached XP level 3. HP: 15/21 MP: 4/6
  1910 | D:2      | Found an ornate altar of the Wu Jian Council.
  2082 | D:2      | Reached XP level 4. HP: 27/27 MP: 7/7
  2560 | D:2      | Found a faded altar of an unknown god.
  2623 | D:2      | Reached skill level 4 in Stealth
  3036 | D:2      | Found Coolevic's Assorted Antiques.
  3039 | D:2      | Bought a scroll labelled LIUDIE DEWK for 23 gold pieces
  3039 | D:2      | Bought 2 ruby potions for 41 gold pieces
  3039 | D:2      | Bought a ruby potion for 20 gold pieces
  3184 | D:3      | Noticed a phantom
  3570 | D:3      | Found an opulent altar of Gozag.
  3668 | D:3      | Noticed a scorpion
  3676 | D:3      | Slain by a scorpion

Illustrated notes

Levels and vault maps discovered:
D:1:      scummos_arrival_checkerplants, layout_basic, dk_noncrumbling_4
D:2:      kennysheep_six_static_rooms, layout_basic, serial_shops,
          nicolae_shop_behind_doors, basic_altar,
          hellmonk_ecumenical_altar_leap_of_faith
D:3:      layout_basic, nicolae_gozag_seed_capital,
          gammafunk_temple_overflow_claw, ebering_ghost_disaster_area,
          minmay_misc_feat_rows, st_stairs_1

Skill      XL: |  1  2  3  4 |
---------------+-------------+-----
Stealth        | 3 4 |  4.1
Transmutations | 2 |  2.2
Dodging        | |  2.0
Spellcasting   | |  2.8
Earth Magic    | |  3.7

Action                   |  1- 3 |  4- 6 || total
-------------------------+-------+-------++-------
Melee: Unarmed           |     9 |       ||     9
       Constrict         |    18 |    16 ||    34
       Dagger            |    77 |    77 ||   154
       Tentacles         |    14 |    15 ||    29
 Cast: Sandblast         |    22 |    13 ||    35
  Use: Scroll            |       |     1 ||     1
 Stab: Sleeping          |    11 |     4 ||    15
       Distracted        |     1 |       ||     1
Armor: Skin              |    19 |     4 ||    23
Dodge: Dodged            |    56 |    48 ||   104

Table legend: (Time is in decaauts)
 A = Elapsed time spent in this place.
 B = Non-inter-level travel time spent in this place.
 C = Inter-level travel time spent in this place.
 D = Time resting spent in this place.
 E = Time spent auto-exploring this place.
 F = Levels seen in this place.
 G = Mean time per level.
                   A        B        C        D        E       F      G
               +--------+--------+--------+--------+--------+-----+--------+
         Total |   3676 |   3633 |     43 |    177 |   2894 |   3 | 1225.3 |
       Dungeon |   3676 |   3633 |     43 |    177 |   2894 |   3 | 1225.3 |
               +--------+--------+--------+--------+--------+-----+--------+

Top non-repeatable levels by time:
     D:2: 1707 daAuts
     D:1: 1681 daAuts
     D:3: 287 daAuts
